 Dungeon Crawl Stone Soup version 0.21.1-1-g345015f (webtiles) character file.

2623 Melicamp the Fighter (level 9, -9/79 HPs)
             Began as a Barachi Wanderer on Apr 7, 2018.
             Was a Follower of Uskayaw.
             Mangled by a bone dragon (15 damage)
             ... on level 1 of the Abyss on Apr 8, 2018.
             The game lasted 00:35:23 (10440 turns).

Melicamp the Fighter (Barachi Wanderer)            Turns: 10440, Time: 00:35:23

Health: -9/79      AC: 15    Str: 13    XL:     9   Next: 60%
Magic:  9/9        EV: 10    Int: 15    God:    Uskayaw [*.....]
Gold:   536        SH:  0    Dex: 13    Spells: 8/8 levels left

rFire    . . .     SeeInvis .   b - +1 spear (venom)
rCold    . . .     Gourm    .   (no shield)
rNeg     . . .     Faith    .   k - +0 ring mail
rPois    .         Spirit   .   (no helmet)
rElec    .         Reflect  .   q - +2 cloak
rCorr    .         Harm     .   p - +0 pair of gloves
MR       .....                  l - +2 pair of boots
Stlth    ..........             (no amulet)
HPRegen  0.23/turn              s - ring of wizardry
MPRegen  0.11/turn              (no ring)

@: confused, can't hop, hasted, quick
A: +LOS, swims, slowness 1, strong legs 1
a: Hop, Stomp, Renounce Religion


You were on level 1 of the Abyss.
You worshipped Uskayaw.
Uskayaw was noncommittal.
You were hungry.

You visited 2 branches of the dungeon, and saw 9 of its levels.
You visited the Abyss 1 time.

You collected 536 gold pieces.

Inventory:

Hand Weapons
 a - a +3 mace
 b - a +1 spear of venom (weapon)
   (You took it off a gnoll on level 7 of the Dungeon)
Missiles
 c - 161 arrows
 n - 235 stones (quivered)
Armour
 k - a +0 ring mail (worn)
   (You took it off a goblin on level 2 of the Dungeon)
 l - a +2 pair of boots (worn)
   (You found it on level 6 of the Dungeon)
 p - a +0 pair of gloves (worn)
   (You found it on level 5 of the Dungeon)
 q - a +2 cloak (worn)
   (You found it on level 1 of the Dungeon)
Jewellery
 s - a ring of wizardry (left hand)
   (You found it on level 7 of the Dungeon)
Wands
 i - a wand of iceblast (23)
   (You found it on level 4 of the Dungeon)
 y - a wand of acid (10)
   (You took it off a gnoll on level 7 of the Dungeon)
 B - a wand of digging (14)
   (You found it on level 7 of the Dungeon)
Scrolls
 h - 3 scrolls of enchant armour
 r - a scroll of amnesia
 v - 2 scrolls of blinking
 A - a scroll of immolation {unknown}
Potions
 d - 4 potions of curing
 j - a potion of lignification
 m - a potion of flight {unknown}
 o - a potion of brilliance
 u - a potion of berserk rage
 w - a potion of resistance
 x - a potion of magic {unknown}
Books
 z - a book of Alchemy
   (You found it on level 7 of the Dungeon)
Comestibles
 f - 2 rations
 g - 8 chunks of flesh


   Skills:
 + Level 10.8 Fighting
 - Level 6.2 Maces & Flails
   Level 2.0 Crossbows
 * Level 9.3 Armour
   Level 1.1 Shields
 - Level 1.1 Evocations


You had 8 spell levels left.
You didn't know any spells.

Dungeon Overview and Level Annotations

Branches:
Dungeon (8/15)             Temple (1/1) D:7
   Lair: D:8-11

Altars:
Cheibriados
Elyvilon
Fedhas
Gozag
Hepliaklqana
Kikubaaqudgha
Makhleb
Nemelex Xobeh
Qazlal
Sif Muna
Uskayaw
Wu Jian
Xom
Yredelemnul
Zin

Shops:
D:7 *

Annotations:
D:8 Psyche


Innate Abilities, Weirdness & Mutations

Shadows flee at your approach. (+LOS)
You can swim through water.
You cover ground slowly.
You can hop short distances.


Message History

a war axe; an orc corpse You butcher the orc corpse.
g - 14 chunks of flesh (gained 4)
Things that are here:
a war axe; an orc skeleton
A - a scroll labeled XOPAER VYUPN
Things that are here:
a whip; a dagger; a robe You can no longer pass through a line of other dancers.
Found a stone staircase leading down.
HP restored.
You hear the hiss of a distant avalanche of sand.
A jackal comes into view.
The jackal barks!
You hear a shout!
Attack whom?
Press: ? - help, Dir - move target cursor, f - jackal
Aim: a jackal You reach to attack!
You closely miss the jackal. You hit the jackal.
The jackal is poisoned.
The jackal is severely wounded.
The jackal bites you but does no damage.
The jackal barely misses you.
You closely miss the jackal.
The jackal is severely wounded.
The jackal bites you but does no damage.
You hit the jackal.
You kill the jackal!
A jackal comes into view.
The jackal barks!
A jackal comes into view.
Attack whom?
Press: ? - help, Dir - move target cursor, f - jackal
Aim: a jackal You reach to attack!
You closely miss the jackal.
The jackal barks!
The jackal bites you but does no damage.
You hit the jackal.
The jackal is poisoned.
The jackal is heavily wounded.
The jackal barely misses you.
You hit the jackal.
You kill the jackal!
The jackal bites you but does no damage.
Psyche the Insane Magess comes into view.
She is wielding a dagger of distortion.
You hit the jackal but do no damage.
The jackal is poisoned.
The jackal bites you but does no damage.
You hit the jackal.
You kill the jackal!
Psyche gestures wildly while chanting.
Psyche seems to speed up.
You stomp with the beat, sending a shockwave through the revelers around you!
Psyche is moderately wounded.
You feel somewhat more hungry.
You can no longer stomp with the beat.
Psyche hits you but does no damage.
You blink.
You can now stomp with the beat.
You hit Psyche but do no damage.
Psyche is poisoned.
Psyche is moderately wounded.
Psyche misses you. Psyche hits you but does no damage.
Space warps horribly around you!
You hit Psyche.
Psyche looks as sick as possible!
Psyche is moderately wounded.
Psyche points at you and mumbles some strange words.
The puff of flame hits you! Psyche hits you but does no damage.
You are cast into the Abyss!
To return, you must find a gate leading back.
Killing monsters will force the Abyss to allow you passage.
This branch contains the abyssal rune of Zot.
Found a blackened bone wand and a ring mail.
You start resting.
Magic restored.
You start resting.
Some of the chunks of flesh in your inventory have rotted away.
A salamander comes into view. It is wielding an enchanted trident.
Hop to where?
Press: ? - help, Dir - move target cursor Boing!
You are feeling hungry.
The bone dragon bites you!
The bone dragon claws you but does no damage.
The bone dragon tramples you but does no damage.
The bone dragon bites you! The bone dragon claws you.
The bone dragon tramples you but does no damage.
Some of the chunks of flesh in your inventory have rotted away.
The bone dragon bites you! The bone dragon claws you.
The bone dragon tramples you!
You stumble backwards!
The bone dragon bites you!
* * * LOW HITPOINT WARNING * * *
The bone dragon claws you.
* * * LOW HITPOINT WARNING * * *
The bone dragon closely misses you.
You feel yourself speed up. The bone dragon bites you!
* * * LOW HITPOINT WARNING * * *
The bone dragon claws you.
* * * LOW HITPOINT WARNING * * *
The bone dragon tramples you but does no damage.
You are confused.
You feel invigorated.
The purple very ugly thing closely misses you.
You bump into the rock wall.
The bone dragon bites you!
You die...

..#... .. .##..#
# #.# .. .......
. # #.
........###..# .
#.### ##.#.......
# #u#####..# #.#
# .######.### #
#.........u###..#
##.#######D@....#
#..####.#....
...#. #..# ## #.


You could see a bone dragon and a purple very ugly thing.

Vanquished Creatures
  The ghost of appiemonkey the Poker, a novice DsGl (D:6)
  2 hungry ghosts (D:8)
  A sky beast (D:7)
  2 phantoms
  4 ice beasts
  2 ogres (D:5)
  A centaur (D:5)
  2 bullfrogs
  A gnoll sergeant (D:7)
  4 scorpions
  3 howler monkeys (D:8)
  3 crimson imps
  2 hounds
  3 orc wizards
  A bullfrog skeleton (D:5)
  An orc priest (D:7)
  A jelly (D:6)
  2 iguanas (D:5)
  A worker ant (D:5)
  A howler monkey zombie (D:8)
  4 gnolls (D:7)
  A howler monkey skeleton (D:2)
  13 adders
  2 oozes
  5 worms
  A dart slug (D:1)
  2 leopard geckos
  8 orcs
  3 giant cockroaches
  12 goblins
  5 hobgoblins
  14 jackals
  6 kobolds
  2 quokkas
  8 bats
  7 frilled lizards
  A leopard gecko skeleton (D:4)
  A leopard gecko zombie (D:5)
  9 rats
142 creatures vanquished.

Notes
Turn   | Place    | Note
-------+----------+-------------------------------------------
     0 | D:1      | Melicamp the Barachi Wanderer began the quest for the Orb.
     0 | D:1      | Melicamp set off with: a +2 mace, a +0 shortbow, 22 arrows, a potion of curing, a +0 robe, a ration
     0 | D:1      | Reached XP level 1. HP: 15/15 MP: 1/1
   130 | D:1      | Reached skill level 2 in Fighting
   132 | D:1      | Reached XP level 2. HP: 11/22 MP: 2/2
  1169 | D:1      | Reached XP level 3. HP: 24/28 MP: 3/3
  1236 | D:1      | Reached skill level 3 in Fighting
  2034 | D:2      | Reached skill level 3 in Maces & Flails
  2277 | D:2      | Reached XP level 4. HP: 37/37 MP: 4/4
  2304 | D:2      | Reached skill level 4 in Fighting
  2681 | D:2      | Found a blossoming altar of Fedhas.
  2902 | D:2      | Found a faded altar of an unknown god.
  3139 | D:3      | Reached XP level 5. HP: 25/43 MP: 5/5
  3385 | D:3      | Reached skill level 5 in Fighting
  3492 | D:3      | Found a shimmering altar of Xom.
  3492 | D:3      | Found a burning altar of Makhleb.
  3967 | D:3      | Reached skill level 4 in Maces & Flails
  4297 | D:4      | Reached XP level 6. HP: 27/52 MP: 6/6
  4320 | D:3      | HP: 13/52 [poisoned by a scorpion]
  4328 | D:3      | HP: 13/52 [poisoned by a scorpion]
  4657 | D:4      | Reached skill level 6 in Fighting
  5007 | D:4      | Found a sparkling altar of Nemelex Xobeh.
  5193 | D:4      | Noticed a phantom
  5231 | D:4      | Killed a phantom
  5231 | D:4      | Reached XP level 7. HP: 27/59 MP: 7/7
  5472 | D:4      | Reached skill level 7 in Fighting
  5847 | D:5      | Entered Level 5 of the Dungeon
  5876 | D:5      | Reached skill level 5 in Maces & Flails
  6254 | D:5      | Reached skill level 8 in Fighting
  6312 | D:5      | Reached skill level 6 in Maces & Flails
  6312 | D:5      | Reached XP level 8. HP: 22/70 MP: 8/8
  6408 | D:5      | Reached skill level 9 in Fighting
  6916 | D:5      | Found a blossoming altar of Fedhas.
  7219 | D:6      | Reached skill level 4 in Armour
  7363 | D:6      | Noticed appiemonkey's ghost (novice DsGl)
  7427 | D:6      | Found a glowing silver altar of Zin.
  7763 | D:6      | Found an opulent altar of Gozag.
  7834 | D:6      | Reached skill level 5 in Armour
  7904 | D:6      | Killed appiemonkey's ghost
  7904 | D:6      | Reached skill level 6 in Armour
  8209 | D:6      | Found a deep blue altar of Sif Muna.
  8222 | D:6      | HP: 10/72 [ice beast (14)]
  8224 | D:6      | Reached skill level 10 in Fighting
  8443 | D:6      | Reached XP level 9. HP: 75/78 MP: 9/9
  8629 | D:7      | Reached skill level 7 in Armour
  8843 | D:7      | Found an ornate altar of the Wu Jian Council.
  9124 | D:7      | Found a staircase to the Ecumenical Temple.
  9264 | Temple   | Entered the Ecumenical Temple
  9287 | Temple   | Became a worshipper of Uskayaw the Reveler
  9419 | D:7      | Reached * piety under Uskayaw
  9509 | D:7      | Found Musk's Serpentskin Sales.
  9721 | D:7      | Reached ** piety under Uskayaw
  9931 | D:6      | Found a white marble altar of Elyvilon.
 10032 | D:8      | Reached skill level 8 in Armour
 10210 | D:8      | Reached *** piety under Uskayaw
 10256 | D:8      | Reached skill level 9 in Armour
 10322 | D:8      | Noticed Psyche
 10327 | D:8      | Cast into level 1 of the Abyss (Psyche)
 10394 | Abyss:1  | Noticed a salamander
 10412 | Abyss:1  | Noticed a bone dragon
 10425 | Abyss:1  | Noticed a purple very ugly thing
 10437 | Abyss:1  | HP: 17/79 [bone dragon (3)]
 10438 | Abyss:1  | HP: 7/79 [bone dragon (10)]
 10438 | Abyss:1  | HP: 1/79 [bone dragon (6)]
 10440 | Abyss:1  | Mangled by a bone dragon

Skill      XL: |  1  2  3  4  5  6  7  8  9 |
---------------+----------------------------+-----
Fighting       | 2 3 4 5 6 8 10 | 10.8
Maces & Flails | 3 4 6 |  6.2
Armour         | 6 9 |  9.3
Crossbows      | |  2.0
Shields        | |  1.1
Evocations     | |  1.1

Action                   |  1- 3 |  4- 6 |  7- 9 || total
-------------------------+-------+-------+-------++-------
Melee: Mace              |   104 |   166 |   221 ||   491
       Spear             |       |       |   199 ||   199
 Fire: Shortbow          |    16 |       |       ||    16
Throw: Stone             |    33 |    43 |    32 ||   108
Invok: Stomp             |       |       |     5 ||     5
 Abil: Hop               |       |     1 |     6 ||     7
  Use: Scroll            |     6 |     8 |    10 ||    24
       Potion            |       |     1 |     6 ||     7
 Stab: Paralysed         |       |       |     3 ||     3
  Eat: Chunk             |     2 |    10 |     9 ||    21
       Ration            |     1 |       |     7 ||     8
Armor: Robe              |    22 |       |       ||    22
       Ring mail         |    14 |    59 |   189 ||   262
       Skin              |       |       |    21 ||    21
Dodge: Dodged            |    82 |    85 |   165 ||   332

Vault maps used:
D:1:      dpeg_arrival_line_fractal, minmay_misc_feat_diagonals,
          dk_noncrumbling_4, minmay_misc_feat_doors
D:2:      lemuel_doored_altar, chequers_ecumenical_altar_grove
D:3:      grunt_temple_overflow_champion_of_chaos, minivault_26,
          minmay_misc_feat_secret_circle, minmay_goblin_kobold_house
D:4:      kennysheep_mini_moat, first_ration
D:5:      fedhas_altar_4
D:6:      overflow_temple_1_default, old_standard_altar, zin_treasury,
          nicolae_overflow_hidden_temple, hangedman_decor_points
D:7:      nicolae_overflow_crystal_walls, minmay_temple_entry_junction,
          guppyfry_shop_venom
D:8:      chequers_ossuary_entry_cave, uniq_psyche
Temple:   nicolae_temple_hex_pool

Table legend:
 A = Turns spent in this place as a percentage of turns spent in the entire game.
 B = Non-inter-level travel turns spent in this place as a percentage of non-inter-level travel turns spent in the entire game.
 C = Inter-level travel turns spent in this place as a percentage of turns spent in this place.
 D = Turns resting spent in this place as a percentage of non-inter-level travel turns spent in this place.
 E = Turns spent auto-exploring this place as a percentage of non-inter-level travel turns spent in this place.
 F = Non-inter-level travel turns spent in this place divided by the number of levels of this place that you've seen.
                   A       B       C       D       E      F
               +-------+-------+-------+-------+-------+----------------------
         Total | 100.0 | 100.0 |   3.4 |  39.1 |  42.5 | 1008.4
       Dungeon |  98.5 |  98.5 |   3.5 |  39.0 |  43.0 | 1241.0
        Temple |   0.4 |   0.4 |   0.0 |   0.0 |  37.2 |  43.0
         Abyss |   1.1 |   1.1 |   0.0 |  59.3 |   0.0 | 113.0
               +-------+-------+-------+-------+-------+----------------------

Table legend:
 A = Kills in this place as a percentage of kills in entire the game.
 B = Kills by you in this place as a percentage of kills by you in the entire game.
 C = Kills by friends in this place as a percentage of kills by friends in the entire game.
 D = Other kills in this place as a percentage of other kills in the entire game.
 E = Experience gained in this place as a percentage of experience gained in the entire game.
 F = Experience gained in this place divided by the number of levels of this place that you have seen.
                   A       B       C       D       E      F
               +-------+-------+-------+-------+-------+----------------------
         Total | 100.0 | 100.0 |   N/A |   N/A | 100.0 | 374.8
       Dungeon | 100.0 | 100.0 |   N/A |   N/A | 100.0 | 468.5
               +-------+-------+-------+-------+-------+----------------------
